 Dungeon Crawl Stone Soup version 0.23.2-1-ga50397a6bc (webtiles) character file.

Game seed: 12478634353381752423

265 Mrkan the Magician (level 6, -4/44 HPs)
             Began as a Gnoll Wizard on May 17, 2019.
             Was an Initiate of Ashenzari.
             Killed from afar by an orc wizard (6 damage)
             ... with a magic dart
             ... on level 2 of the Dungeon.
             The game lasted 00:06:41 (1820 turns).

Mrkan the Magician (Gnoll Wizard)                   Turns: 1820, Time: 00:06:42

Health: -4/44      AC:  3    Str:  9    XL:     6   Next: 20%
Magic:  6/16       EV: 15    Int: 22    God:    Ashenzari [......]
Gold:   127        SH:  0    Dex: 14    Spells: 18/19 levels left

rFire    . . .     SeeInvis .   j - +0 scythe
rCold    . . .     Gourm    .   (shield currently unavailable)
rNeg     . . .     Faith    .   a - +0 robe
rPois    .         Spirit   .   b - +0 hat
rElec    .         Reflect  .   (no cloak)
rCorr    .         Harm     .   (no gloves)
MR       .....                  k - +0 pair of boots
Stlth    +++.......             (no amulet)
HPRegen  0.14/turn              (no ring)
MPRegen  0.15/turn              (no ring)

@: no status effects
A: distributed training, fangs 1, strong nose
a: Curse Item, Renounce Religion


You were on level 2 of the Dungeon.
You worshipped Ashenzari.
Ashenzari was noncommittal.
You were not hungry.

You visited 1 branch of the dungeon, and saw 3 of its levels.

You collected 127 gold pieces.

Inventory:

Hand Weapons
 j - a +0 scythe (weapon)
Missiles
 q - 9 poisoned needles
Armour
 a - a +0 robe (worn)
 b - a +0 hat (worn)
 k - a +0 pair of boots (worn)
Jewellery
 e - an uncursed amulet of the acrobat
Scrolls
 c - 6 scrolls of identify {unknown}
 f - 2 scrolls of amnesia {unknown}
 g - 2 scrolls of remove curse
 i - a scroll of noise {unknown}
 l - a scroll of enchant armour {unknown}
Potions
 h - 2 potions of invisibility {unknown}
 m - a potion of degeneration {unknown}
 n - a potion of flight {unknown}
 o - a potion of haste {unknown}
 p - a potion of mutation {unknown}
Comestibles
 d - 2 rations


   Skills:
 + Level 1.8 Fighting
 + Level 1.8 Short Blades
 + Level 1.8 Long Blades
 + Level 1.8 Axes
 + Level 1.8 Maces & Flails
 + Level 1.8 Polearms
 + Level 1.8 Staves
 + Level 1.8 Slings
 + Level 1.8 Bows
 + Level 1.8 Crossbows
 + Level 1.8 Throwing
 + Level 1.8 Armour
 + Level 4.9 Dodging
 + Level 4.5 Stealth
 + Level 1.8 Shields
 + Level 1.8 Unarmed Combat
 + Level 7.4 Spellcasting
 + Level 2.5 Conjurations
 + Level 1.4 Hexes
 + Level 1.4 Charms
 + Level 2.5 Summonings
 + Level 1.4 Necromancy
 + Level 2.5 Translocations
 + Level 1.4 Transmutations
 + Level 1.4 Fire Magic
 + Level 1.4 Ice Magic
 + Level 1.4 Air Magic
 + Level 1.4 Earth Magic
 + Level 1.4 Poison Magic
 + Level 2.0 Invocations
 + Level 1.8 Evocations


You had 18 spell levels left.
You knew the following spells:

 Your Spells              Type           Power        Failure   Level  Hunger
a - Magic Dart            Conj           ###.         2%          1    None

Your spell library contained the following spells:

 Spells                   Type           Power        Failure   Level  Hunger
 Blink                    Tloc           N/A          4%          2    None
 Call Imp                 Summ           ###.....     4%          2    None
 Slow                     Hex            ##......     7%          2    None
 Conjure Flame            Conj/Fire      ###.....     11%         3    None
 Mephitic Cloud           Conj/Pois/Air  ###.....     11%         3    None


Dungeon Overview and Level Annotations

Branches:
Dungeon (3/15)

Altars:
Ashenzari
Gozag
Nemelex Xobeh
Uskayaw
Vehumet

Annotations:
D:3 Grinder, Natasha


Innate Abilities, Weirdness & Mutations

Your experience applies equally to all skills.
You have very sharp teeth.
Your uncanny sense of smell can sniff out nearby items.


Message History

A puff of flame appears from out of thin air!
The puff of flame misses you.
Natasha zaps a wand.
Some rock shatters into small pieces.
You climb upwards.
Reactivating autopickup.
There is a stone staircase leading down here.
You hear some strange, mumbled words.
A puff of flame appears from out of thin air!
Deactivating autopickup; reactivate with Ctrl-A.
The puff of flame hits you!
You hear some strange, mumbled words.
A puff of flame appears from out of thin air!
The puff of flame hits you.
* * * LOW HITPOINT WARNING * * *
A magic dart appears from out of thin air!
The magic dart hits you!
* * * LOW HITPOINT WARNING * * *
A magic dart appears from out of thin air!
The magic dart hits you.
You die...

#.########################
#.....)...................
#.########################
#.# ##### ###'######## #...#
#..........#########...#####
#..........'.......'........
#..........#########...#####
#..>.....{.@.......'........
#..........#########...#####
#..............# #...#....
#..............# #...#....
#..............# #...#....
#..........##### #...#....
#..........# #...#....
#..........# #...#####
############ #.>.#


There were no monsters in sight!

Vanquished Creatures
  Sigmund (D:2)
  Jessica (D:3)
  Natasha (D:3)
  2 adders
  A dart slug (D:1)
  3 leopard geckos
  2 orcs (D:3)
  A giant cockroach (D:2)
  4 goblins
  5 hobgoblins
  9 kobolds
  A quokka (D:2)
  2 frilled lizards (D:1)
  3 rats (D:2)
36 creatures vanquished.

Notes
Turn   | Place    | Note
-------+----------+-------------------------------------------
     0 | D:1      | Mrkan the Gnoll Wizard began the quest for the Orb.
     0 | D:1      | Reached XP level 1. HP: 13/13 MP: 8/8
   148 | D:1      | Reached XP level 2. HP: 19/19 MP: 6/10
   279 | D:1      | Found a shattered altar of Ashenzari.
   289 | D:1      | Became a worshipper of Ashenzari the Shackled
   530 | D:2      | Noticed Sigmund
   618 | D:2      | Reached XP level 3. HP: 25/25 MP: 4/11
   771 | D:2      | Killed Sigmund
   771 | D:2      | Reached skill level 1 in Fighting
   771 | D:2      | Reached skill level 1 in Short Blades
   771 | D:2      | Reached skill level 1 in Long Blades
   771 | D:2      | Reached skill level 1 in Axes
   771 | D:2      | Reached skill level 1 in Maces & Flails
   771 | D:2      | Reached skill level 1 in Polearms
   771 | D:2      | Reached skill level 1 in Staves
   771 | D:2      | Reached skill level 1 in Slings
   771 | D:2      | Reached skill level 1 in Bows
   771 | D:2      | Reached skill level 1 in Crossbows
   771 | D:2      | Reached skill level 1 in Throwing
   771 | D:2      | Reached skill level 1 in Armour
   771 | D:2      | Reached skill level 1 in Shields
   771 | D:2      | Reached skill level 1 in Unarmed Combat
   771 | D:2      | Reached skill level 1 in Hexes
   771 | D:2      | Reached skill level 1 in Charms
   771 | D:2      | Reached skill level 1 in Necromancy
   771 | D:2      | Reached skill level 1 in Transmutations
   771 | D:2      | Reached skill level 1 in Fire Magic
   771 | D:2      | Reached skill level 1 in Ice Magic
   771 | D:2      | Reached skill level 1 in Air Magic
   771 | D:2      | Reached skill level 1 in Earth Magic
   771 | D:2      | Reached skill level 1 in Poison Magic
   771 | D:2      | Reached skill level 1 in Invocations
   771 | D:2      | Reached skill level 1 in Evocations
   771 | D:2      | Reached XP level 4. HP: 32/32 MP: 2/13
   771 | D:2      | Reached XP level 5. HP: 37/37 MP: 2/14
   964 | D:2      | Found an opulent altar of Gozag.
   997 | D:2      | Found a radiant altar of Vehumet.
  1100 | D:2      | Found a sparkling altar of Nemelex Xobeh.
  1422 | D:3      | Noticed Grinder
  1432 | D:3      | Paralysed by Grinder for 3 turns
  1520 | D:3      | Found a hide-covered altar of Uskayaw.
  1529 | D:3      | Noticed Jessica
  1537 | D:3      | Killed Jessica
  1537 | D:3      | Reached XP level 6. HP: 44/44 MP: 10/16
  1787 | D:3      | Noticed Natasha
  1794 | D:3      | Killed Natasha
  1810 | D:3      | Noticed Natasha
  1816 | D:2      | HP: 1/44 [something/magic dart (10)]
  1820 | D:2      | Killed from afar by an orc wizard

Skill      XL: |  1  2  3  4  5  6 |
---------------+-------------------+-----
Conjurations   | 2 |  2.5
Summonings     | 2 |  2.5
Translocations | 2 |  2.5
Fighting       | 1 |  1.8
Short Blades   | 1 |  1.8
Long Blades    | 1 |  1.8
Axes           | 1 |  1.8
Maces & Flails | 1 |  1.8
Polearms       | 1 |  1.8
Staves         | 1 |  1.8
Slings         | 1 |  1.8
Bows           | 1 |  1.8
Crossbows      | 1 |  1.8
Throwing       | 1 |  1.8
Armour         | 1 |  1.8
Shields        | 1 |  1.8
Unarmed Combat | 1 |  1.8
Hexes          | 1 |  1.4
Charms         | 1 |  1.4
Necromancy     | 1 |  1.4
Transmutations | 1 |  1.4
Fire Magic     | 1 |  1.4
Ice Magic      | 1 |  1.4
Air Magic      | 1 |  1.4
Earth Magic    | 1 |  1.4
Poison Magic   | 1 |  1.4
Invocations    | 1 2 |  2.0
Evocations     | 1 |  1.8
Dodging        | |  4.9
Stealth        | |  4.5
Spellcasting   | |  7.4

Action                   |  1- 3 |  4- 6 || total
-------------------------+-------+-------++-------
Melee: Scythe            |       |     1 ||     1
 Cast: Magic Dart        |    50 |    66 ||   116
  Eat: Chunk             |       |     1 ||     1
       Ration            |       |     1 ||     1
Armor: Robe              |     1 |     2 ||     3
Dodge: Dodged            |     6 |    13 ||    19
